 Dungeon Crawl Stone Soup version 0.31-a0-222-gefeffbb62a (webtiles) character file.

Game seed: 15372308176803135187

96 Ijustatesigmund the Stinger (level 4, 0/28 HPs)
             Began as an Octopode Venom Mage on July 5, 2023.
             Was an Initiate of Vehumet.
             Slain by Ijyb
             ... wielding a +1 dagger of holy wrath
              (4 damage)
             ... on level 3 of the Dungeon.
             The game lasted 00:04:54 (2864 turns).

Ijustatesigmund the Stinger (Octopode Venom Mage)   Turns: 2864, Time: 00:04:55

Health: 0/28       AC:  1    Str:  7    XL:     4   Next: 67%
Magic:  0/8        EV: 13    Int: 19    God:    Vehumet [......]
Gold:   82         SH:  0    Dex: 12    Spells: 2/8 levels left

rFire   . . .        c - staff of air
rCold   . . .        (no shield)
rNeg    . . .        (helmet restricted)
rPois   .            (no amulet)
rElec   +            (no ring)
rCorr   .            (no ring)
SInv    .            (no ring)
Will    .....        (no ring)
Stlth   +++          (no ring)
HPRegen 0.24/turn    (no ring)
MPRegen 0.11/turn    (no ring)
                     (no ring)

%: no passive effects
@: no status effects
A: almost no armour, amphibious, 8 rings, camouflage 1, gelatinous body 1,
(nimble swimmer 1), tentacles
a: Renounce Religion


You were on level 3 of the Dungeon.
You worshipped Vehumet.
Vehumet was noncommittal.
You visited 1 branch of the dungeon, and saw 3 of its levels.

You collected 82 gold pieces.

Inventory:

Hand Weapons
 b - a +0 rapier
Magical Staves
 c - a staff of air (weapon)
Scrolls
 d - a scroll of blinking {unknown}
 f - a scroll of fog {unknown}
 i - a scroll of immolation {unknown}
 j - 2 scrolls of identify {unknown}
 k - a scroll of amnesia {unknown}
Potions
 a - a potion of magic
 e - a potion of enlightenment {unknown}
 g - a potion of haste
 h - 2 potions of curing {unknown}


   Skills:
 - Level 1.1 Fighting
 + Level 0.4 Staves
 - Level 2.0 Dodging
 - Level 2.6 Stealth
 + Level 2.7 Spellcasting
 + Level 1.2 Conjurations
 - Level 1.0 Transmutations
 + Level 1.6 Air Magic
 + Level 4.4 Poison Magic


You had 2 spell levels left.
You knew the following spells:

 Your Spells              Type           Power      Damage    Failure   Level
a - Sting                 Tmut/Pois      48%        1d5       5%          1
b - Poisonous Vapours     Pois/Air       42%        N/A       7%          2
c - Mephitic Cloud        Conj/Pois/Air  17%        N/A       17%         3

Your spell library contained the following spells:

 Spells                   Type           Power      Damage    Failure   Level
 Olgreb's Toxic Radiance  Pois           19%        N/A       26%         4
 Portal Projectile        Hex/Tloc       4%         N/A       43%         3
 Tukima's Dance           Hex            2%         N/A       43%         3
 Blade Hands              Tmut           3%         N/A       96%         5


Dungeon Overview and Level Annotations

Branches:
Dungeon (3/15)

Altars:
Vehumet

Annotations:
D:2 1 runed translucent door, Crazy Yiuf
D:3 Ijyb


Innate Abilities, Weirdness & Mutations

You cannot wear most types of armour.
You are amphibious.
You can wear up to eight rings at the same time.
Your skin changes colour to match your surroundings (Stealth+).
Your rubbery body absorbs attacks. (AC +1, EV +1)
((You are camouflaged when in or above water. (Stealth+)))
You have tentacles for arms and can constrict up to eight enemies at once.


Message History

You hit the ball python but do no damage.
You squeeze the ball python.
You kill the ball python!
Vehumet accepts your kill.
Ijyb is nearby!
Casting: Poisonous Vapours (safe; 7% risk of failure)
Confirm with . or Enter, or press ? or * to list all spells.
Aiming: Poisonous Vapours (safe; 7% risk of failure)
Press: ? - help, Dir - move target, f - Ijyb
Aim: Ijyb, wielding a +1 dagger of holy wrath, wearing a +0 leather armour and carrying a wand of flame (19) (severely wounded, wandering, hasn't noticed you)
You feel a surge of power!
Poisonous vapours surround Ijyb!
Ijyb is poisoned.
Ijyb shouts!
Ijyb zaps a wand.
The puff of flame hits you!
Casting: Poisonous Vapours (safe; 7% risk of failure)
Confirm with . or Enter, or press ? or * to list all spells.
Aiming: Poisonous Vapours (safe; 7% risk of failure)
Press: ? - help, Dir - move target, f/p - Ijyb
Aim: Ijyb, wielding a +1 dagger of holy wrath, wearing a +0 leather armour and carrying a wand of flame (18) (severely wounded, poisoned)
You feel a surge of power!
Poisonous vapours surround Ijyb!
Ijyb looks even sicker.
Ijyb drinks a potion.
Ijyb is healed!
You start resting.
Ijyb is nearby!
Casting: Poisonous Vapours (safe; 7% risk of failure)
Confirm with . or Enter, or press ? or * to list all spells.
Aiming: Poisonous Vapours (safe; 7% risk of failure)
Press: ? - help, Dir - move target, f/p - Ijyb
Aim: Ijyb, wielding a +1 dagger of holy wrath, wearing a +0 leather armour and carrying a wand of flame (18) (moderately wounded, very poisoned)
You feel a surge of power!
Poisonous vapours surround Ijyb!
Ijyb looks as sick as possible!
Ijyb screams, "Get away!"
Ijyb hits you with a +1 dagger of holy wrath.
You hit Ijyb. Your grab misses Ijyb.
Ijyb is severely wounded.
Ijyb zaps a wand.
The puff of flame hits you!
* * * LOW HITPOINT WARNING * * *
You barely miss Ijyb. Your grab misses Ijyb. Your squeeze misses Ijyb.
Ijyb is severely wounded.
Ijyb hits you with a +1 dagger of holy wrath.
You die...

.########.#### ...
........#.##.# ..#
...................##..# .
..................?....#..
..........................
........g...†..)..........
..............#...........
.....g........##g.........
..............##@#........
..............##.#........
####..........##.#.###....
#K.....######.#.# ..#.
#...)..# #.#.. ...
####......# #.###### #.
..........# #......#
.....################.##
.......)...............#


You could see Ijyb (very poisoned).

Vanquished Creatures
  Jessica (D:3)
  An adder (D:2)
  2 worms (D:2)
  2 dart slugs
  An orc (D:3)
  3 ball pythons
  3 bats (D:1)
  6 endoplasms
  7 giant cockroaches (D:2)
  3 goblins (D:2)
  6 hobgoblins
  A quokka (D:2)
  2 frilled lizards
  4 kobolds
  A rat (D:2)
43 creatures vanquished.

Notes
Turn   | Place    | Note
-------+----------+-------------------------------------------
     0 | D:1      | Ijustatesigmund the Octopode Venom Mage began the quest for
                  | the Orb.
     0 | D:1      | Reached XP level 1. HP: 11/11 MP: 3/3
   467 | D:1      | Reached XP level 2. HP: 18/18 MP: 5/5
   470 | D:1      | Learned a level 2 spell: Poisonous Vapours
   768 | D:1      | Reached skill level 1 in Fighting
   768 | D:1      | Reached skill level 4 in Poison Magic
  1376 | D:2      | Reached XP level 3. HP: 21/23 MP: 3/6
  1380 | D:2      | Learned a level 3 spell: Mephitic Cloud
  1487 | D:2      | Found a runed translucent door.
  1488 | D:2      | Noticed Crazy Yiuf
  1513 | D:2      | Reached skill level 1 in Air Magic
  1983 | D:2      | Found a radiant altar of Vehumet.
  1989 | D:2      | Became a worshipper of Vehumet
  2262 | D:2      | Reached XP level 4. HP: 28/28 MP: 4/7
  2315 | D:2      | Reached skill level 1 in Conjurations
  2690 | D:3      | Noticed Ijyb
  2829 | D:3      | Noticed Jessica
  2834 | D:3      | Killed Jessica
  2864 | D:3      | Slain by Ijyb

Illustrated notes

Levels and vault maps discovered:
D:1:      sevenhm_arrival_forest_fort_large_2, layout_rooms, serial_forest,
          infiniplex_forest_end_double, infiniplex_forest_lined_ring,
          infiniplex_forest_lined_room_3, infiniplex_forest_lined_room_,
          infiniplex_forest_corner_2, infiniplex_forest_clump_medium,
          infiniplex_forest_lined_ring
D:2:      minmay_roachtagon, layout_basic, basic_altar, uniq_crazy_yiuf_cottage
D:3:      layout_basic, mainiacjoe_overflow_tiny_flanked, uniq_jessica,
          uniq_terence, uniq_ijyb, uniq_sigmund

Skill      XL: |  1  2  3  4 |
---------------+-------------+-----
Fighting       | 1 |  1.1
Poison Magic   | 4 |  4.4
Air Magic      | 1 |  1.6
Conjurations   | 1 |  1.2
Staves         | |  0.4
Dodging        | |  2.0
Stealth        | |  2.6
Spellcasting   | |  2.7
Transmutations | |  1.0

Action                     |  1- 3 |  4- 6 || total
---------------------------+-------+-------++-------
  Melee: Unarmed           |     8 |       ||     8
         Short sword       |    11 |       ||    11
         Tentacles         |    11 |     4 ||    15
         Constrict         |     9 |     5 ||    14
         Staff             |    34 |    13 ||    47
         Punch             |     1 |       ||     1
   Cast: Sting             |     7 |       ||     7
         Poisonous Vapours |    29 |    11 ||    40
         Mephitic Cloud    |       |     1 ||     1
    Use: Potion            |       |     1 ||     1
   Stab: Sleeping          |     4 |       ||     4
 Armour: Skin              |     3 |       ||     3
  Dodge: Dodged            |    26 |    15 ||    41

Table legend: (Time is in decaauts)
 A = Elapsed time spent in this place.
 B = Non-inter-level travel time spent in this place.
 C = Inter-level travel time spent in this place.
 D = Time resting spent in this place.
 E = Time spent auto-exploring this place.
 F = Levels seen in this place.
 G = Mean time per level.
                   A        B        C        D        E       F      G
               +--------+--------+--------+--------+--------+-----+--------+
         Total |   2851 |   2796 |     55 |    546 |   1875 |   3 |  950.3 |
       Dungeon |   2851 |   2796 |     55 |    546 |   1875 |   3 |  950.3 |
               +--------+--------+--------+--------+--------+-----+--------+

Top non-repeatable levels by time:
     D:2: 1370 daAuts
     D:1: 1186 daAuts
     D:3: 294 daAuts
